 Dungeon Crawl Stone Soup version 0.28-a0-998-gb9e9c7b67e (webtiles) character file.

Game seed: 5678460581050901409

167903 ytrimaz the Warrior (level 17, -16/189 HPs)
             Began as a Minotaur Fighter on Dec 5, 2021.
             Was the Champion of Lugonu.
             Demolished by a deep elf knight (18 damage)
             ... on level 2 of the Elven Halls.
             The game lasted 00:49:30 (29202 turns).

ytrimaz the Warrior (Minotaur Fighter)             Turns: 29202, Time: 00:49:31

Health: -16/189    AC: 27    Str: 29    XL:     17   Next: 32%
Magic:  17/25      EV: 10    Int:  5    God:    Lugonu [******]
Gold:   1330       SH:  4    Dex: 10    Spells: 16/16 levels left

rFire   . . .      SeeInvis .   H - +9 broad axe of Omninuof {flame, rC- Will+ Stlth+}
rCold   + + .      Faith    .   c - +0 buckler
rNeg    + . .      Spirit   .   s - +0 ice dragon scales
rPois   +          Reflect  .   J - -2 hat of the Alchemist {rElec rPois rF+ rC+ rN+ Will+ rMut rCorr}
rElec   +          Harm     .   p - +0 cloak
rCorr   +          Rampage  ∞   a - +1 pair of gloves
rMut    +          Clarity  +   G - +3 pair of seven-league boots {Rampage+∞}
Will    +++..                   C - amulet of regeneration
Stlth   ..........              D - ring of poison resistance
HPRegen 1.21/turn               r - +4 ring of protection
MPRegen 0.19/turn

@: hasted, very quick
A: horns 2, retaliatory headbutt, clarity, robust 1, MP-powered wands
a: Renounce Religion, Depart the Abyss, Bend Space, Banish, Corrupt, Enter the
Abyss, Brand Weapon With Distortion


You were on level 2 of the Elven Halls.
You worshipped Lugonu.
Lugonu was exalted by your worship.
You visited 5 branches of the dungeon, and saw 26 of its levels.
You visited the Abyss 2 times.
You also visited: Ice Cave.

You collected 4098 gold pieces.
You spent 2768 gold pieces at shops.

Inventory:

Hand Weapons
 B - a +3 broad axe of freezing
 H - the +9 broad axe of Omninuof (weapon) {flame, rC- Will+ Stlth+}
   (You acquired it on level 14 of the Dungeon)

   It burns those it strikes, dealing additional fire damage.
   Big, fiery blades are also staple armaments of hydra-hunters.
   rC:        It makes you vulnerable to cold.
   Will:      It increases your willpower.
   Stlth:     It makes you more stealthy.
Missiles
 d - 4 throwing nets
 e - 18 boomerangs (quivered)
 h - 4 javelins
Armour
 a - a +1 pair of gloves (worn)
 c - a +0 buckler (worn)
 p - a +0 cloak (worn)
 s - +0 ice dragon scales (worn)
 G - the +3 pair of seven-league boots (worn) {Rampage+∞}
   (You bought it in a shop on level 13 of the Dungeon)

   Its wearer moves as far as possible in that direction when moving towards
   enemies.
 J - the -2 hat of the Alchemist (worn) {rElec rPois rF+ rC+ rN+ Will+ rMut rCorr}
   (You bought it in a shop on level 13 of the Dungeon)

   rF:        It protects you from fire.
   rC:        It protects you from cold.
   rElec:     It insulates you from electricity.
   rPois:     It protects you from poison.
   rN:        It protects you from negative energy.
   rCorr:     It protects you from acid and corrosion.
   rMut:      It protects you from mutation.
   Will:      It increases your willpower.
 O - a +0 kite shield
Jewellery
 b - a ring of willpower
 r - a +4 ring of protection (right hand)
 w - a ring of magical power
 z - an amulet of the acrobat
 A - an amulet of reflection
 C - an amulet of regeneration (around neck)
 D - a ring of poison resistance (left hand)
 E - a +6 ring of strength
 K - a ring of fire
Wands
 f - a wand of flame (26)
 j - a wand of polymorph (12)
 k - a wand of paralysis (5)
 n - a wand of iceblast (18)
 y - a wand of acid (7)
Scrolls
 m - 7 scrolls of magic mapping
 q - 3 scrolls of teleportation
 t - 3 scrolls of fog
 u - 8 scrolls of identify
 x - 6 scrolls of blinking
 I - a scroll of acquirement
 M - a scroll of fear
Potions
 g - 2 potions of magic
 i - a potion of might
 l - 7 potions of curing
 o - a potion of haste
 v - 6 potions of mutation
 F - a potion of cancellation
 L - 4 potions of invisibility
 N - a potion of brilliance


   Skills:
 + Level 20.6 Fighting
 - Level 16.0 Axes
 * Level 13.9 Throwing
 + Level 17.6 Armour
 - Level 4.8 Shields
 * Level 12.7 Invocations


You had 16 spell levels left.
You didn't know any spells.
Your spell library contained the following spells:

 Spells                   Type           Power      Damage    Failure   Level
 Freeze                   Ice            0%         1d3       67%         1
 Pain                     Necr           0%         1d4       67%         1
 Shock                    Conj/Air       0%         1d3       67%         1
 Sting                    Tmut/Pois      0%         1d3       67%         1
 Summon Small Mammal      Summ           0%         N/A       67%         1
 Blink                    Tloc           0%         N/A       82%         2
 Call Imp                 Summ           0%         N/A       82%         2
 Poisonous Vapours        Pois/Air       0%         N/A       82%         2
 Call Canine Familiar     Summ           0%         N/A       96%         3
 Ozocubu's Armour         Ice            0%         N/A       96%         3
 Summon Guardian Golem    Hex/Summ       0%         N/A       96%         3
 Swiftness                Air            0%         N/A       96%         3
 Airstrike                Air            0%         N/A       100%        4
 Hailstorm                Conj/Ice       0%         3d3       100%        4
 Ice Form                 Ice/Tmut       0%         N/A       100%        4
 Olgreb's Toxic Radiance  Pois           0%         N/A       100%        4
 Summon Ice Beast         Ice/Summ       0%         N/A       100%        4
 Agony                    Necr           0%         N/A       100%        5
 Excruciating Wounds      Necr           0%         N/A       100%        5
 Fireball                 Conj/Fire      0%         3d3       100%        5
 Freezing Cloud           Conj/Ice/Air   0%         6-21      100%        5
 Iskenderun's Battlesphe  Conj           0%         2d6       100%        5
 Manifold Assault         Tloc           0%         N/A       100%        5
 Conjure Ball Lightning   Conj/Air       0%         3x3d6     100%        6
 Dispersal                Tloc           0%         N/A       100%        6
 Eringya's Noxious Bog    Tmut/Pois      0%         N/A       100%        6
 Iron Shot                Conj/Erth      0%         9d1       100%        6
 Simulacrum               Ice/Necr       0%         N/A       100%        6
 Statue Form              Tmut/Erth      0%         N/A       100%        6
 Haunt                    Necr/Summ      0%         N/A       100%        7
 Orb of Destruction       Conj           0%         N/A       100%        7
 Ozocubu's Refrigeration  Ice            0%         4d5       100%        7
 Storm Form               Tmut/Air       0%         N/A       100%        7
 Disjunction              Tloc           0%         N/A       100%        8
 Necromutation            Tmut/Necr      0%         N/A       100%        8


Dungeon Overview and Level Annotations

Branches:
Dungeon (15/15)            Temple (1/1) D:6            Lair (6/6) D:9
 Shoals (0/4) Lair:3        Snake (0/4) Lair:4        Slime (0/5) Lair:6
    Orc (2/2) D:11            Elf (2/3) Orc:2        Vaults (0/5) D:13
  IceCv (visited)
 Depths: D:15

Altars:
Ashenzari
Cheibriados
Dithmenos
Elyvilon
Fedhas
Gozag
Hepliaklqana
Kikubaaqudgha
Makhleb
Nemelex Xobeh
Okawaru
Qazlal
Ru
Sif Muna
Trog
Uskayaw
Vehumet
Wu Jian
Xom
Yredelemnul
Zin
The Shining One
Beogh
Lugonu

Shops:
D:1 ?   D:4 =   D:13 [   D:14 [   Orc:1 *   Orc:2 ([=?

Portals:
Trove: D:14 (give 5 potions of resistance)

Annotations:
D:5 1 runed translucent door, Redcow54321's ghost, amateur DgBr
D:6 3 runed translucent doors, derath95's ghost, novice GrEE
D:15 Kirke; Roxanne
Orc:1 3 runed translucent doors, bearlyready's ghost, journeyman HOGl


Innate Abilities, Weirdness & Mutations

You have a pair of horns on your head.
You reflexively headbutt those who attack you in melee.
You possess an exceptional clarity of mind.
You are robust. (+10% HP)
You expend magic power (3 MP) to strengthen your wands.


Message History

The shard of ice hits you! You partially resist.
The deep elf archer shoots an arrow.
The arrow barely misses you.
You carve something like a ham!!! You burn something!
You barely miss the deep elf knight. You completely miss something.
You hear some strange, mumbled words.
A shard of ice appears from out of thin air!
The shard of ice misses you. Something hits you!
* * * LOW HITPOINT WARNING * * *
You feel your power leaking away.
The deep elf knight gestures wildly while chanting.
The deep elf knight flickers and vanishes!
The deep elf knight casts a spell.
The deep elf knight seems to speed up.
You hear a twanging sound.
An arrow appears from out of thin air!
The arrow hits you.
* * * LOW HITPOINT WARNING * * *
You slice something!! You burn something. Lugonu accepts your kill.
Reactivating autopickup.
You feel a bit more experienced.
You closely miss something. You hit something. You burn something.
Something hits you but does no damage.
Deactivating autopickup; reactivate with Ctrl-A.
The deep elf archer shoots an arrow.
You hear some strange, mumbled words.
A shard of ice appears from out of thin air!
The shard of ice hits you!! You partially resist.
* * * LOW HITPOINT WARNING * * *
You feel yourself speed up. Something hits you.
* * * LOW HITPOINT WARNING * * *
You feel your power leaking away.
The deep elf knight hits you with a +0 long sword.
* * * LOW HITPOINT WARNING * * *
A shard of ice appears from out of thin air!
The shard of ice hits you!! You partially resist.
* * * LOW HITPOINT WARNING * * *
The deep elf archer shoots an arrow.
You block the arrow.
The deep elf archer shoots an arrow.
Reactivating autopickup.
You feel a bit more experienced. Something hits you!!
You die...

...#..............#.....#
.................).....##
##...##...##...##......#
###.####.####.####...###
### ### ### #####
########################
........................
........................
................@.......
...............e))......
...............e)...e...
........................
...............<........
..................{.....
.....>..................
........................
............<......e...


You could see 2 deep elf archers and a deep elf knight (fast).

Vanquished Creatures
  Asterion (Elf:1)
  A frost giant (IceCv)
  An orc warlord (Orc:2)
  A deep elf sorcerer (Elf:2)
  The ghost of Sudoyheu the Nimble, a journeyman DjWn of Fedhas (Lair:5)
  A deep elf demonologist (Elf:1)
  A deep elf annihilator (Elf:2)
  A deep elf death mage (Elf:1)
  An ettin (Orc:2)
  A fire dragon (Lair:6)
  4 boulder beetles
  14 hydras
  3 ogre magi
  Erolcha (D:13)
  Fannar (D:11)
  A catoblepas (D:13)
  5 centaur warriors
  12 two-headed ogres
  21 dancing weapons
  3 tengu warriors
  An orc high priest (Orc:1)
  12 death yaks
  Nergalle (Lair:1)
  14 deep elf knights
  Sonja (D:11)
  2 deep trolls (Orc:2)
  2 skeletal warriors
  A swamp dragon (Lair:6)
  9 deep elf archers
  A lindwurm (Lair:4)
  3 orc knights
  23 deep elf zephyrmancers
  23 deep elf pyromancers
  3 orc sorcerers (Orc:1)
  A necromancer (Elf:1)
  5 cyclopes
  10 ugly things
  4 manticores
  An ice statue (IceCv)
  Maurice (D:11)
  12 elephants
  7 black mambas
  A guardian serpent (Lair:4)
  A torpor snail (Lair:6)
  A gargoyle (D:14)
  A centaur zombie (D:10)
  16 cane toads
  4 centaur skeletons (D:13)
  2 rime drakes (shapeshifter)
  A kobold demonologist (D:13)
  15 komodo dragons
  5 yaktaurs (D:13)
  5 rime drakes
  A yaktaur (shapeshifter) (D:14)
  A freezing wraith (D:14)
  2 guardian mummies (D:14)
  A tengu conjurer (D:9)
  2 tyrant leeches (Lair:6)
  25 polar bears
  15 trolls
  Grinder (D:4)
  A hornet (D:9)
  A raiju (Lair:6)
  9 slime creatures
  6 dream sheep (Lair:5)
  A snapping turtle (Lair:3)
  An air elemental (Elf:2)
  2 shadows
  3 wraiths
  69 yaks
  Grum (D:10)
  A hog (D:15)
  2 fire elementals (Elf:2)
  4 wyverns
  7 basilisks
  6 vampire mosquitoes
  3 steam dragons
  A large abomination (Elf:1)
  3 swamp worms (Lair:6)
  9 wargs
  Menkaure (D:4)
  2 acid dragons (Lair:6)
  14 hell hounds (Lair:6)
  3 swamp drakes
  21 water moccasins
  24 orc warriors
  An ice beast (D:6)
  13 black bears
  3 necrophages
  36 wolves
  25 ogres
  9 centaurs
  A phantom (D:6)
  5 kobold brigands
  4 elf zombies (Elf:1)
  11 bullfrogs
  2 gnoll sergeants
  2 scorpions
  A water moccasin zombie (D:5)
  A water moccasin skeleton (D:6)
  20 killer bees
  An electric eel (Lair:3)
  10 wights
  3 howler monkeys (D:7)
  A lava snake (D:10)
  A crimson imp (D:9)
  2 bullfrog zombies (D:5)
  3 bullfrog skeletons
  2 gnoll shamans
  A human zombie (D:5)
  24 orc priests
  2 jellies
  Crazy Yiuf (D:7)
  A hound (D:4)
  Ijyb (D:4)
  4 iguanas
  31 orc wizards
  4 hell rats (Lair:5)
  4 mummies (D:5)
  Robin (D:4)
  23 gnolls
  A howler monkey skeleton (D:5)
  9 adders
  14 white imps
  An ufetubus (D:7)
  A worm (D:2)
  2 dart slugs (D:1)
  80 orcs
  5 endoplasms (D:1)
  A giant cockroach (D:3)
  4 hobgoblins
  2 jackals (D:5)
  6 kobolds
  A quokka (D:1)
  9 ball pythons
  7 bats
  A frilled lizard (D:3)
  16 goblins
  8 rats
  A fungus (Lair:5)
930 creatures vanquished.

Vanquished Creatures (others)
  A death yak (Lair:5)
  A deep elf knight (Elf:2)
  A deep elf pyromancer (Elf:2)
  A wyvern (Lair:5)
  A wolf (Lair:6)
  A bush (Lair:6)
  21 fungi
  56 plants
83 creatures vanquished.

Grand Total: 1013 creatures vanquished

Notes
Turn   | Place    | Note
-------+----------+-------------------------------------------
     0 | D:1      | ytrimaz the Minotaur Fighter began the quest for the Orb.
     0 | D:1      | Reached XP level 1. HP: 19/19 MP: 0/0
   375 | D:1      | Reached skill level 4 in Fighting
   375 | D:1      | Reached XP level 2. HP: 25/27 MP: 1/1
   483 | D:1      | Found Kelacs's Magic Scroll Emporium.
  1329 | D:2      | Reached XP level 3. HP: 31/33 MP: 2/2
  1684 | D:2      | Reached skill level 7 in Fighting
  1684 | D:2      | Reached skill level 5 in Throwing
  1684 | D:2      | Reached XP level 4. HP: 47/47 MP: 3/3
  2470 | D:3      | Reached XP level 5. HP: 52/52 MP: 4/4
  2826 | D:3      | Found a bloodstained altar of Trog.
  2899 | D:3      | Found a faded altar of an unknown god.
  3133 | D:3      | Prayed at the altar of an unknown god.
  3133 | D:3      | Became a worshipper of Lugonu the Unformed
  3133 | D:3      | Reached * piety under Lugonu
  3133 | D:3      | Reached ** piety under Lugonu
  3202 | D:4      | Noticed Grinder
  3240 | D:4      | Killed Grinder
  3241 | D:4      | Reached skill level 1 in Invocations
  3241 | D:4      | Reached XP level 6. HP: 61/61 MP: 5/5
  3280 | D:4      | Found Pulufikh's Jewellery Boutique.
  3315 | D:4      | Identified a scroll of acquirement
  3315 | D:4      | Acquired 671 gold pieces
  3353 | D:4      | Noticed Ijyb
  3361 | D:4      | Killed Ijyb
  3672 | D:4      | Reached XP level 7. HP: 67/67 MP: 5/7
  3944 | D:4      | Noticed Menkaure
  3954 | D:4      | Killed Menkaure
  4159 | D:4      | Noticed Robin
  4169 | D:4      | Killed Robin
  4284 | D:5      | Entered Level 5 of the Dungeon
  4287 | D:5      | Noticed a two-headed ogre
  4303 | D:4      | Reached skill level 8 in Fighting
  4338 | D:5      | Noticed a troll
  4456 | D:5      | Reached XP level 8. HP: 63/74 MP: 6/8
  4477 | D:5      | Reached *** piety under Lugonu
  4902 | D:5      | Found a runed translucent door.
  4914 | D:5      | Killed a troll
  4962 | D:5      | Noticed Redcow54321's ghost (amateur DgBr)
  5174 | D:5      | Found a basalt altar of Yredelemnul.
  5232 | D:5      | Reached XP level 9. HP: 30/80 MP: 8/10
  6162 | D:6      | Found a staircase to the Ecumenical Temple.
  6208 | Temple   | Entered the Ecumenical Temple
  6680 | D:6      | Reached skill level 10 in Axes
  6818 | D:6      | Found a radiant altar of Vehumet.
  6820 | D:6      | Reached **** piety under Lugonu
  7198 | D:6      | Found a runed translucent gate.
  7198 | D:6      | Found a runed translucent gate.
  7198 | D:6      | Found a runed translucent gate.
  7198 | D:6      | Noticed derath95's ghost (novice GrEE)
  7274 | D:7      | Found a sacrificial altar of Ru.
  7535 | D:7      | Reached XP level 10. HP: 67/90 MP: 9/12
  7663 | D:7      | Reached skill level 9 in Fighting
  7714 | D:7      | Found a runed translucent door.
  7715 | D:7      | Noticed Crazy Yiuf
  8163 | D:7      | Killed Crazy Yiuf
  8168 | D:7      | Identified the +5 mace of Ocath {freeze, *Rage rC- rN+++
                  | SInv}
  8503 | D:8      | Identified the +0 hat of Edyrr {rElec rC+ rCorr Stlth+}
  8519 | D:8      | Gained mutation: You expend magic power (3 MP) to
                  | strengthen your wands. [potion of mutation]
  8519 | D:8      | Gained mutation: You are robust. (+10% HP) [potion of
                  | mutation]
  8519 | D:8      | Gained mutation: You possess an exceptional clarity of
                  | mind. [potion of mutation]
  8607 | D:8      | Found a glowing silver altar of Zin.
  8693 | D:8      | Reached skill level 5 in Invocations
  9349 | D:9      | Noticed a two-headed ogre
  9358 | D:9      | Killed a two-headed ogre
  9801 | D:9      | Found a staircase to the Lair.
 10205 | D:9      | Reached skill level 10 in Armour
 10311 | D:9      | Found a burning altar of Makhleb.
 10387 | D:9      | Reached XP level 11. HP: 61/106 MP: 10/14
 10388 | D:9      | Reached ***** piety under Lugonu
 10650 | D:9      | Found a faded altar of an unknown god.
 10650 | D:9      | Found a hazy altar of Hepliaklqana.
 10658 | D:9      | Found an opulent altar of Gozag.
 10660 | D:9      | Found a shimmering blue altar of Sif Muna.
 10662 | D:9      | Found a shimmering altar of Xom.
 10928 | D:10     | Entered Level 10 of the Dungeon
 10958 | D:10     | Noticed a storm dragon
 11260 | D:10     | Banished a storm dragon
 11745 | D:10     | Noticed a brown ugly thing
 11745 | D:10     | Noticed a purple ugly thing
 11745 | D:10     | Noticed a centaur warrior
 11758 | D:10     | Killed a centaur warrior
 11767 | D:10     | Killed a brown ugly thing
 11775 | D:10     | Killed a red ugly thing
 12112 | D:10     | Noticed Grum
 12133 | D:10     | Killed Grum
 12504 | D:11     | Noticed Sonja
 12563 | D:11     | Cast into level 1 of the Abyss (Sonja)
 12563 | Abyss:1  | Found a corrupted altar of Lugonu.
 12622 | Abyss:1  | Noticed a wretched star
 12624 | D:11     | Escaped the Abyss
 12634 | D:11     | Cast into level 1 of the Abyss (Sonja)
 12634 | Abyss:1  | Noticed a thrashing horror
 12635 | D:11     | Escaped the Abyss
 12643 | D:11     | Killed Sonja
 12644 | D:11     | Reached skill level 10 in Fighting
 12854 | D:11     | Noticed Maurice
 12871 | D:11     | Killed Maurice
 12977 | D:11     | Noticed Fannar
 13003 | D:11     | Killed Fannar
 13150 | D:11     | Noticed a two-headed ogre
 13159 | D:11     | Killed a two-headed ogre
 13221 | D:11     | Found a staircase to the Orcish Mines.
 13526 | D:12     | Noticed a two-headed ogre
 13533 | D:12     | Killed a two-headed ogre
 13534 | D:12     | Reached XP level 12. HP: 81/117 MP: 16/16
 14266 | D:13     | Noticed a catoblepas
 14266 | D:13     | Noticed a centaur warrior
 14336 | D:13     | Noticed a seven-headed hydra
 14367 | D:13     | Noticed a four-headed hydra
 14370 | D:12     | Banished a four-headed hydra
 14429 | D:13     | Noticed a centaur warrior
 14429 | D:13     | Noticed Erolcha
 14435 | D:13     | Killed Erolcha
 14437 | D:13     | Noticed a boulder beetle
 14444 | D:13     | Killed a centaur warrior
 14449 | D:13     | Killed a centaur warrior
 14453 | D:13     | Banished a boulder beetle
 14540 | D:13     | Found Siymiw's Antique Armour Boutique.
 14673 | D:13     | Killed a catoblepas
 14674 | D:13     | Reached skill level 11 in Fighting
 14980 | D:13     | Bought the +3 pair of seven-league boots {Rampage+∞} for
                  | 960 gold pieces
 14980 | D:13     | Found the +3 pair of seven-league boots {Rampage+∞}
 15072 | D:13     | Reached skill level 10 in Throwing
 15145 | D:13     | Reached XP level 13. HP: 112/127 MP: 18/18
 15443 | D:13     | Reached skill level 15 in Axes
 15519 | D:13     | Found a gate to the Vaults.
 15647 | D:13     | Got The Second Course in Witchcraft
 15806 | D:14     | Found Pebbui's Armour Shop.
 15935 | D:14     | Found an ornate altar of the Wu Jian Council.
 16457 | D:14     | Found a portal to a secret trove of treasure.
 16473 | D:14     | Reached skill level 12 in Fighting
 16777 | D:15     | Entered Level 15 of the Dungeon
 17611 | D:15     | Noticed Kirke
 17621 | D:15     | Noticed Roxanne
 17716 | D:14     | Acquired the +9 broad axe of Omninuof {flame, rC- Will+
                  | Stlth+}
 17820 | Orc:1    | Entered Level 1 of the Orcish Mines
 17912 | Orc:1    | Reached XP level 14. HP: 102/139 MP: 20/20
 18135 | Orc:1    | Reached skill level 13 in Fighting
 18385 | Orc:1    | Found a runed translucent gate.
 18386 | Orc:1    | Found a runed translucent gate.
 18386 | Orc:1    | Found an opulent altar of Gozag.
 18387 | Orc:1    | Found a runed translucent gate.
 18389 | Orc:1    | Found Dilohon's Assorted Antiques.
 18396 | Orc:1    | Noticed bearlyready's ghost (journeyman HOGl)
 18680 | Orc:2    | Entered Level 2 of the Orcish Mines
 18823 | Orc:2    | Noticed an orc warlord
 18828 | Orc:2    | Reached ****** piety under Lugonu
 18836 | Orc:2    | Killed an orc warlord
 19060 | Orc:2    | Found a staircase to the Elven Halls.
 19378 | Orc:2    | Found Untueppaiw's Antique Armour Emporium.
 19606 | Orc:2    | Reached skill level 10 in Invocations
 19627 | Orc:2    | Reached skill level 14 in Fighting
 19683 | Orc:2    | Found Dyishy's Magic Scroll Shoppe.
 19688 | Orc:2    | Found Ameus's Weapon Shop.
 19699 | Orc:2    | Found Kobreet's Jewellery Emporium.
 19717 | Orc:2    | Bought a scroll of acquirement for 676 gold pieces
 19818 | D:13     | Bought the -2 hat of the Alchemist {rElec rPois rF+ rC+ rN+
                  | Will+ rMut rCorr} for 1132 gold pieces
 19818 | D:13     | Found the -2 hat of the Alchemist {rElec rPois rF+ rC+ rN+
                  | Will+ rMut rCorr}
 19951 | Lair:1   | Entered Level 1 of the Lair of Beasts
 19956 | Lair:1   | Noticed Nergalle
 19965 | Lair:1   | Killed Nergalle
 20194 | Lair:1   | Reached skill level 15 in Armour
 21214 | Lair:2   | Identified the +0 leather armour of the Vaults {rC+ Will+
                  | Int+8}
 21940 | Lair:3   | Reached XP level 15. HP: 138/152 MP: 21/21
 21944 | Lair:3   | Reached skill level 15 in Fighting
 22494 | Lair:3   | Found a staircase to the Shoals.
 22563 | Lair:4   | Found a frozen archway.
 22593 | IceCv    | Entered an ice cave
 22911 | IceCv    | Reached skill level 16 in Fighting
 23035 | IceCv    | Noticed a frost giant
 23046 | IceCv    | Killed a frost giant
 23056 | IceCv    | Found the +0 staff of Battle
 23093 | IceCv    | Got the Papyrus of Ice
 23128 | Lair:4   | Found a staircase to the Snake Pit.
 24710 | Lair:5   | Reached skill level 17 in Fighting
 24864 | Lair:5   | Found a large runed translucent door.
 24865 | Lair:5   | Found a large runed translucent door.
 25022 | Lair:5   | Noticed Sudoyheu's ghost (journeyman DjWn)
 25044 | Lair:5   | Killed Sudoyheu's ghost
 25075 | Lair:6   | Entered Level 6 of the Lair of Beasts
 25092 | Lair:6   | Found a staircase to the Slime Pits.
 25276 | Lair:6   | Reached XP level 16. HP: 155/170 MP: 23/23
 25337 | Lair:6   | Identified the +1 scimitar "Aginuluss" {spect, rC+ Will+
                  | rCorr}
 26036 | Lair:6   | Reached skill level 18 in Fighting
 26649 | Elf:1    | Entered Level 1 of the Elven Halls
 26767 | Elf:1    | Noticed Asterion
 26781 | Elf:1    | Noticed an Executioner
 26787 | Elf:1    | Killed Asterion
 27067 | Elf:1    | Got the Disquisition on Calling
 27243 | Elf:1    | Reached skill level 19 in Fighting
 27675 | Elf:1    | Got the Tome of Necromancy
 27942 | Elf:2    | HP: 6/177 [fire elemental[a deep elf pyromancer] (5)]
 28551 | Elf:2    | Reached XP level 17. HP: 187/187 MP: 25/25
 28614 | Elf:2    | Reached skill level 20 in Fighting
 29003 | Elf:2    | Found a runed translucent gate.
 29003 | Elf:2    | Found a runed translucent gate.
 29003 | Elf:2    | Found a runed translucent gate.
 29202 | Elf:2    | HP: 2/189 [something/shard of ice (24)]
 29202 | Elf:2    | Demolished by a deep elf knight

Illustrated notes

Levels and vault maps discovered:
D:1:      dpeg_arrival_leaves_temple_mockup, layout_basic, serial_shops,
          shop_statue
D:2:      kennysheep_big_flooded_room, layout_basic, minivault_27
D:3:      layout_basic, mainiacjoe_overflow_cross_hatched,
          ebering_ecumenical_altar_box, chequers_mini_garden,
          minmay_tree_intersection, columned_hall_lemuel
D:4:      layout_gridville, serial_shops, shop_coins, uniq_robin, uniq_menkaure,
          uniq_grinder, uniq_ijyb
D:5:      layout_cave_pools, lemuel_mausoleum_altar_yredelemnul,
          ebering_ghost_sewer_d
D:6:      layout_loops_ring, nicolae_vehumet_altar_sigil,
          minmay_temple_entry_sparse_star, gammafunk_ghost_nasty_kobolds,
          minivault_24, hangedman_decor_diamond_cutter, grunt_decor_cap
D:7:      layout_rooms, mainiacjoe_overflow_paths, hex_intersection,
          uniq_crazy_yiuf_cottage
D:8:      layout_cave_pods, nicolae_overflow_crystal_walls
D:9:      layout_loops_ring, mainiacjoe_overflow_concentric_impassable,
          chequers_temple_overflow_minitemple, lair_entry_dummy,
          minmay_fire_ice_demons
D:10:     minmay_bloctagon_deflated, layout_basic, kennysheep_island_fort,
          uniq_grum
D:11:     layout_roguey, uniq_sonja, uniq_maurice, uniq_fannar
D:12:     layout_stronghold
D:13:     layout_loops_ring, hangedman_vaults_entry_quadrant_bands,
          serial_shops, shop, uniq_erolcha
D:14:     layout_grid_maze, nicolae_trove_entry_path_of_doom,
          nicolae_wu_jian_wuxing_cycle, serial_shops, shop
D:15:     grunt_enter_depths_snipers, layout_basic, small_statue_intersection,
          uniq_rupert, uniq_roxanne, uniq_kirke
Temple:   nicolae_temple_x_marks_the_god
Lair:1:   layout_small_grid, beast_lair_carwin_10, uniq_nergalle
Lair:2:   layout_chaotic_city, st_stairs_6, grunt_megastairs_1
Lair:3:   layout_regular_city, minmay_shoals_entry_hut, st_stairs_5
Lair:4:   layout_cave_pods, minmay_snake_entry_spellcaster,
          portal_ice_cave_entry_imps
Lair:5:   layout_small_grid, ebering_ghost_disaster_area, pond
Lair:6:   guppyfry_lair_end_dragon, layout_regular_city,
          hangedman_lair_caniforms_friends, slime_dummy, worms_lemuel,
          grunt_megastairs_3
Orc:1:    layout_diamond_mine, ebering_ghost_gozag, minmay_orc_temple_a,
          uniq_urug
Orc:2:    st_orc_open, layout_diamond_mine
Elf:1:    eino_elf_arrival_customs, layout_gridlike, minmay_elf_necromancy,
          minmay_elf_demonology, uniq_asterion
Elf:2:    elven_hall_of_blades_hangedman_original [nooodl_blade_entry_preview],
          layout_onion_city

Skill      XL: |  1  2  3  4  5  6  7  8  9 10 11 12 13 14 15 16 17 |
---------------+----------------------------------------------------+-----
Fighting       | 4 7 8 9 10 11 12 14 17 19 20 | 20.6
Armour         | 4 7 8 9 10 11 12 13 15 16 17 | 17.6
Shields        | 4 |  4.8
Axes           | 6 7 8 9 10 11 13 14 16 | 16.0
Throwing       | 5 6 8 9 10 11 12 13 | 13.9
Invocations    | 1 2 3 4 5 6 8 9 10 11 12 | 12.7

Action                   |  1- 3 |  4- 6 |  7- 9 | 10-12 | 13-15 | 16-18 || total
-------------------------+-------+-------+-------+-------+-------+-------++-------
Melee: War axe           |    59 |    64 |   272 |   627 |   361 |       ||  1383
       Headbutt          |     9 |     7 |    47 |   153 |   251 |    82 ||   549
       Unarmed           |       |     7 |       |       |       |       ||     7
       Broad axe         |       |       |       |       |   763 |   448 ||  1211
Throw: Boomerang         |       |       |     6 |    62 |     7 |       ||    75
       Javelin           |       |       |       |     2 |       |       ||     2
       Throwing net      |       |       |       |     2 |       |       ||     2
Invok: Bend Space        |       |       |       |     4 |     1 |       ||     5
       Depart the Abyss  |       |       |       |     2 |       |       ||     2
       Banish            |       |       |       |     4 |       |       ||     4
Evoke: Wand              |       |       |       |     1 |     1 |       ||     2
  Use: Scroll            |     3 |     5 |     2 |    10 |     8 |       ||    28
       Potion            |     2 |     2 |     2 |     9 |     8 |     4 ||    27
 Stab: Distracted        |       |       |       |     1 |       |       ||     1
       Paralysed         |       |       |       |     2 |     8 |       ||    10
       Confused          |       |       |       |       |     2 |       ||     2
Armor: Scale mail        |    37 |    34 |   166 |    35 |       |       ||   272
       Skin              |       |     1 |       |     7 |       |       ||     8
       Plate armour      |       |       |       |   412 |   530 |       ||   942
       Ice dragon scales |       |       |       |       |   109 |   297 ||   406
Dodge: Dodged            |    36 |    38 |   133 |   253 |   353 |   206 ||  1019
Block: Buckler           |    15 |    12 |    58 |   138 |   179 |    67 ||   469

Table legend: (Time is in decaauts)
 A = Elapsed time spent in this place.
 B = Non-inter-level travel time spent in this place.
 C = Inter-level travel time spent in this place.
 D = Time resting spent in this place.
 E = Time spent auto-exploring this place.
 F = Levels seen in this place.
 G = Mean time per level.
                   A        B        C        D        E       F      G
               +--------+--------+--------+--------+--------+-----+--------+
         Total |  28902 |  27423 |   1479 |   2786 |  18824 |  29 |  996.6 |
       Dungeon |  17693 |  16637 |   1056 |   1957 |  11341 |  15 | 1179.5 |
        Temple |    254 |    247 |      7 |      0 |    242 |   1 |  254.0 |
          Lair |   5986 |   5675 |    311 |      0 |   4418 |   6 |  997.7 |
  Orcish Mines |   1918 |   1824 |     94 |    226 |   1204 |   2 |  959.0 |
   Elven Halls |   2483 |   2473 |     10 |    603 |   1357 |   2 | 1241.5 |
         Abyss |     61 |     61 |      0 |      0 |     44 |   2 |   30.5 |
      Ice Cave |    504 |    504 |      0 |      0 |    216 |   1 |  504.0 |
               +--------+--------+--------+--------+--------+-----+--------+

Top non-repeatable levels by time:
     D:9: 1776 daAuts
   Elf:1: 1662 daAuts
    D:13: 1440 daAuts
    D:14: 1428 daAuts
    D:10: 1370 daAuts
  Lair:6: 1337 daAuts
     D:6: 1334 daAuts
     D:8: 1310 daAuts
     D:5: 1271 daAuts
     D:4: 1256 daAuts
     D:1: 1208 daAuts
     D:3: 1094 daAuts
    D:12: 1091 daAuts
  Lair:4: 1034 daAuts
  Lair:1: 1003 daAuts
